 Dungeon Crawl Stone Soup version 0.27-a0-343-gfcad680f63 (webtiles) character file.

Game seed: 1927634411324662264

254 tilp the Insei (level 6, 0/39 HPs)
             Began as an Octopode Transmuter on Feb 13, 2021.
             Was an Initiate of Ru.
             Slain by a worm (10 damage)
             ... on level 4 of the Dungeon on Feb 14, 2021.
             The game lasted 00:05:39 (4302 turns).

tilp the Insei (Octopode Transmuter)                Turns: 4302, Time: 00:05:40

Health: 0/39       AC:  1    Str:  9    XL:     6   Next: 15%
Magic:  7/9        EV: 13    Int: 17    God:    Ru [......]
Gold:   144        SH:  0    Dex: 13    Spells: 6/9 levels left

rFire    . . .     SeeInvis .     - Unarmed
rCold    . . .     Faith    .   (no shield)
rNeg     . . .     Spirit   .   (helmet restricted)
rPois    .         Reflect  .   (no amulet)
rElec    .         Harm     .   (no ring)
rCorr    .         Rampage  .   (no ring)
Will     .....                  (no ring)
Stlth    +++.......             (no ring)
HPRegen  0.13/turn              (no ring)
MPRegen  0.11/turn              (no ring)
                                (no ring)
                                (no ring)

@: no status effects
A: almost no armour, stealthy swim, amphibious, 8 rings, constrict 8, camouflage
1, gelatinous body 1
a: Renounce Religion


You were on level 4 of the Dungeon.
You worshipped Ru.
Ru was noncommittal.
You visited 1 branch of the dungeon, and saw 4 of its levels.

You collected 144 gold pieces.

Inventory:

Missiles
 b - 127 stones (quivered)
 k - 2 silver boomerangs
Scrolls
 c - 2 scrolls of teleportation {unknown}
 g - a scroll of enchant weapon {unknown}
 j - a scroll of magic mapping {unknown}
 l - a scroll of fear {unknown}
Potions
 a - a potion of degeneration {unknown}
 d - 2 potions of cancellation
 e - 2 potions of curing
 f - a potion of haste {unknown}
 h - 2 potions of flight
 m - a potion of mutation {unknown}


   Skills:
 - Level 2.0 Fighting
 - Level 2.0 Dodging
 - Level 4.0 Stealth
 + Level 5.6 Unarmed Combat
 - Level 2.0 Spellcasting
 - Level 2.0 Transmutations


You had 6 spell levels left.
You knew the following spells:

 Your Spells              Type           Power        Failure   Level
a - Beastly Appendage     Tmut           16%          9%          1
b - Wereblood             Tmut           8%           13%         2

Your spell library contained the following spells:

 Spells                   Type           Power        Failure   Level
 Spider Form              Tmut/Pois      2%           36%         3
 Ice Form                 Ice/Tmut       5%           77%         4
 Blade Hands              Tmut           4%           93%         5


Dungeon Overview and Level Annotations

Branches:
Dungeon (4/15)             Temple (0/1) D:4

Altars:
Elyvilon
Fedhas
Makhleb
Okawaru
Ru
Sif Muna

Annotations:
D:2 exclusions: adder and bat, Natasha
D:3 exclusion: door, Sigmund
D:4 Grinder


Innate Abilities, Weirdness & Mutations

You cannot wear most types of armour.
You are very stealthy in the water. (Stealth+)
You are amphibious.
You can wear up to eight rings at the same time.
You can use your tentacles to constrict eight enemies at once.
Your skin changes colour to match your surroundings (Stealth+).
Your rubbery body absorbs attacks. (AC +1, EV +1)


Message History

The worm is lightly wounded.
Your tentacle spike disappears.
Something hits you.
You throw a stone. The stone hits the worm.
The worm is moderately wounded.
Something hits you.
You hear some strange, mumbled words.
You are confused.
You tentacle-slap the worm. You squeeze the worm!
The worm is severely wounded.
Your primal bloodlust is almost over.
The worm bites you.
You bump into the rock wall.
Something hits you. The worm closely misses you.
You closely miss the worm.
The worm is heavily wounded.
Something barely misses you.
You barely miss the worm.
The worm is heavily wounded.
Something hits you.
* * * LOW HITPOINT WARNING * * *
The worm bites you.
* * * LOW HITPOINT WARNING * * *
There is a stone staircase leading up here.
You feel better.
Your primal bloodlust has ended.
Something hits you.
* * * LOW HITPOINT WARNING * * *
Unknown command.
You tentacle-slap something. You squeeze something!
Something hits you but does no damage.
You tentacle-slap something.
Reactivating autopickup.
You feel a bit more experienced.
You barely miss the worm. You grab the worm.
The worm is moderately wounded.
You constrict the worm, but do no damage.
You tentacle-slap the worm.
The worm is moderately wounded.
You constrict the worm. The worm bites you!
You die...

# #♣♣♣# ♣...♣ #
♣.>.♣ #. ...
#########
#..####♣)♣
..........
#.....##'##..#
######
#...@w.....#
#.####.(.#.....
#...# ####
+...# #...#
+...# #...#
..#.# #. .# ##


You could see a worm.

Vanquished Creatures
  A hound (D:2)
  2 orc priests
  Jessica (D:3)
  An orc wizard (D:4)
  Robin (D:2)
  3 adders
  3 worms
  2 dart slugs
  A leopard gecko (D:2)
  5 orcs
  2 ball pythons
  A giant cockroach (D:2)
  8 goblins
  10 hobgoblins
  5 jackals
  7 kobolds
  2 quokkas
  4 bats
  3 frilled lizards
  2 rats (D:2)
64 creatures vanquished.

Notes
Turn   | Place    | Note
-------+----------+-------------------------------------------
     0 | D:1      | tilp the Octopode Transmuter began the quest for the Orb.
     0 | D:1      | Reached XP level 1. HP: 13/13 MP: 3/3
   115 | D:1      | Reached skill level 1 in Stealth
   349 | D:1      | Reached XP level 2. HP: 16/18 MP: 5/5
   355 | D:1      | Learned a level 2 spell: Wereblood
   958 | D:1      | Reached XP level 3. HP: 20/23 MP: 6/6
  1228 | D:2      | Reached XP level 4. HP: 10/29 MP: 5/7
  1237 | D:2      | Upgraded the game from 0.27-a0-334-g52645efa06 to
                  | 0.27-a0-343-gfcad680f63
  1745 | D:2      | Noticed Natasha
  1849 | D:2      | Noticed Robin
  1867 | D:2      | Killed Robin
  1868 | D:2      | Reached skill level 4 in Unarmed Combat
  2483 | D:3      | Reached XP level 5. HP: 23/34 MP: 5/8
  2728 | D:3      | Found a blossoming altar of Fedhas.
  2729 | D:3      | Found a sacrificial altar of Ru.
  2730 | D:3      | Found a white marble altar of Elyvilon.
  2730 | D:3      | Found a burning altar of Makhleb.
  2739 | D:3      | Became a worshipper of Ru the Awakened
  2812 | D:3      | Found an iron altar of Okawaru.
  2812 | D:3      | Noticed Jessica
  2832 | D:3      | Killed Jessica
  3232 | D:3      | Reached skill level 5 in Unarmed Combat
  3603 | D:3      | Found a shimmering blue altar of Sif Muna.
  3695 | D:3      | Noticed Sigmund
  3912 | D:4      | Noticed Grinder
  4272 | D:4      | Found a staircase to the Ecumenical Temple.
  4286 | D:4      | Reached XP level 6. HP: 31/39 MP: 6/9
  4302 | D:4      | Slain by a worm

Illustrated notes

Levels and vault maps discovered:
D:1:      lightli_arrival_chessboard, layout_basic, kennysheep_decorative_pillar
D:2:      layout_basic, uniq_robin, uniq_natasha
D:3:      layout_basic, led_sif_book, okawaru_gym_becter,
          chequers_temple_overflow_statue_of_worship, uniq_jessica,
          uniq_crazy_yiuf_cottage, uniq_sigmund
D:4:      layout_basic, old_standard_altar, minmay_temple_entry_enclosed_plants,
          uniq_grinder

Skill      XL: |  1  2  3  4  5 |
---------------+----------------+-----
Stealth        | 2 3 4 |  4.0
Fighting       | 2 |  2.0
Unarmed Combat | 4 5 |  5.6
Dodging        | |  2.0
Spellcasting   | |  2.0
Transmutations | |  2.0

Action                   |  1- 3 |  4- 6 || total
-------------------------+-------+-------++-------
Melee: Unarmed           |    60 |    97 ||   157
       Constrict         |    18 |    32 ||    50
       Kick              |    13 |    18 ||    31
       Tentacles         |     6 |    16 ||    22
       Punch             |     1 |     5 ||     6
Throw: Stone             |    13 |     2 ||    15
 Cast: Beastly Appendage |    13 |    16 ||    29
       Wereblood         |     3 |     2 ||     5
  Use: Scroll            |       |     3 ||     3
       Potion            |       |     1 ||     1
 Stab: Sleeping          |     3 |     5 ||     8
Armor: Skin              |     6 |     6 ||    12
Dodge: Dodged            |    31 |    54 ||    85

Table legend: (Time is in decaauts)
 A = Elapsed time spent in this place.
 B = Non-inter-level travel time spent in this place.
 C = Inter-level travel time spent in this place.
 D = Time resting spent in this place.
 E = Time spent auto-exploring this place.
 F = Levels seen in this place.
 G = Mean time per level.
                   A        B        C        D        E       F      G
               +--------+--------+--------+--------+--------+-----+--------+
         Total |   4301 |   4060 |    241 |   1523 |   2053 |   4 | 1075.2 |
       Dungeon |   4301 |   4060 |    241 |   1523 |   2053 |   4 | 1075.2 |
               +--------+--------+--------+--------+--------+-----+--------+

Top non-repeatable levels by time:
     D:3: 1645 daAuts
     D:2: 1351 daAuts
     D:1: 1154 daAuts
     D:4: 149 daAuts
